[Event "Live Chess"]
[Site "Chess.com"]
[Date "2023.09.16"]
[Round "-"]
[White "ThgDomingues"]
[Black "felipeurbano"]
[Result "1-0"]
[WhiteElo "1479"]
[BlackElo "1245"]
[TimeControl "900+5"]
[EndTime "15:23:39 PDT"]
[Termination "ThgDomingues venceu por xeque-mate"]

1. e4 e5 2. Nf3 Nc6 3. Bc4 Nf6 4.
d3 d5 5. exd5 Nxd5 6. c3 Be6 7.
Bb3 Nf4 8. Bxf4 exf4 9. Bxe6 fxe6 10. O-O Bd6 11. Re1 Qf6 12. Qe2 Nd8 13. Nbd2 O-O 14.
Ne4 Qe5 15. Nxe5 Bxe5 16. d4 Bd6 17. Ng5 Re8 18. Qh5 h6 19. Qxe8+ Bf8 20. Nxe6 Nxe6 21.
Qxa8 Kf7 22. Rxe6 Kxe6 23. Qxf8 Kd7 24. Qxg7+ Kc6 25. Qxh6+ Kb5 26. a4+ Kc4 27. Qe6+ Kd3 28. Rd1+ Kc2 29. Qe2+ Kb3 30. Qb5+ Kc2 31. Re1 f3 32. gxf3 a6 33. Qf5+ Kb3 34. c4 b6 35.
c5 a5 36. cxb6 cxb6 37. Re3+ Kxa4 38. d5 b5 39. Qe4+ b4 40. Qe8# 1-0

[Event "Live Chess"]
[Site "Chess.com"]
[Date "2023.09.16"]
[Round "-"]
[White "advRafael"]
[Black "ThiagoFantim"]
[Result "1-0"]
[WhiteElo "1709"]
[BlackElo "1660"]
[TimeControl "900+5"]
[EndTime "15:24:04 PDT"]
[Termination "advRafael venceu por xeque-mate"]

1. c4 g6 2. Nc3 Bg7 3. g3 e6 4. Bg2 Ne7 5. Nf3 O-O 6. O-O d5 7. cxd5 Nxd5 8. d4 Nxc3 9. bxc3 Bd7 10. Rb1 Bc6 11. Re1 Nd7 12. e4 Nb6 13. Qb3 Re8 14. Bf4 h6 15. Ne5 Bxe5 16. Bxe5 f6 17. Bf4 g5 18.
Be3 f5 19. exf5 Bxg2 20. Kxg2 Nd5 21. fxe6 Nxe3+ 22. Rxe3 Kg7 23. Qxb7 Qd6 24. Qe4 Qe7 25. Rbe1 Rab8 26. d5 Rb2 27. Qd4+ Kg8 28. R1e2 Reb8 29. Rxb2 Rxb2 30. Qxa7 Qf6 31. Rf3 Qe5 32. Qa8+ Kg7 33. Qf8+ Kg6 34. Qf7# 1-0

[Event "Live Chess"]
[Site "Chess.com"]
[Date "2023.09.16"]
[Round "-"]
[White "MagnusCarlos1996"]
[Black "gustavogarcia10"]
[Result "1-0"]
[WhiteElo "605"]
[BlackElo "446"]
[TimeControl "900+5"]
[EndTime "15:28:40 PDT"]
[Termination "MagnusCarlos1996 venceu por xeque-mate"]

1. e4 c5 2. Nf3 Nf6 3. e5 Nh5 4. d4 cxd4 5. Nxd4 Qb6 6. c3 g6 7. Be2 Bg7 8. Bxh5 Bxe5 9. Bf3 Nc6 10. Nxc6 bxc6 11. O-O O-O 12. Nd2 d6 13. Nc4 Qc7 14.
Nxe5 dxe5 15. Re1 Rd8 16. Qe2 f6 17. Qc4+ Kh8 18. Qxc6 Qxc6 19. Bxc6 Rb8 20. b3 Bd7 21. Bxd7 Rxd7 22. Be3 Rbd8 23. Kf1 f5 24. g3 Kg7 25.
Ke2 f4 26. gxf4 exf4 27. Bxf4 Rf8 28. Be3 e6 29. Rad1 Rdf7 30. Rd6 e5 31. Red1 Kg8 32.
Rd8 Rxd8 33. Rxd8+ Kg7 34. c4 h6 35. c5 Rc7 36. Rd6 h5 37. c6 Kf7 38. Rd7+ Rxd7 39. cxd7 Ke7 40. Bxa7 Kxd7 41. b4 Kc7 42. a4 Kb7 43.
Bc5 e4 44. a5 Ka6 45. Ke3 Kb5 46.
Kxe4 g5 47. Kf5 g4 48. Kg5 g3 49.
fxg3 h4 50. Kxh4 Ka6 51. g4 Kb7 52. g5 Kc7 53. g6 Kd8 54. g7 Ke8 55. g8=Q+ Kd7 56.
a6 Kc7 57. a7 Kb7 58. a8=Q+ Kc7 59. Qf7# 1-0

[Event "Live Chess"]
[Site "Chess.com"]
[Date "2023.09.16"]
[Round "-"]
[White "mariabeatrizandrade"]
[Black "ppsobral"]
[Result "0-1"]
[WhiteElo "722"]
[BlackElo "1052"]
[TimeControl "900+5"]
[EndTime "15:30:01 PDT"]
[Termination "ppsobral venceu por desistência"]

1. e4 c5 2. Nf3 e6 3. d4 cxd4 4. Nxd4 Nc6 5. Be3 Nf6 6. Nc3 Bb4 7. Be2 Nxe4 8. Qd3 d5 9. O-O Qa5 10. Nxc6 bxc6 11. Bd4 O-O 12. f3 Ba6 13. Qe3 Nxc3 14.
Bxa6 Nxa2 15. Bd3 c5 16. Bxc5 Bxc5 17. Qxc5 Qxc5+ 18. Kh1 Nb4 19. c3 Nxd3 0-1

[Event "Live Chess"]
[Site "Chess.com"]
[Date "2023.09.16"]
[Round "-"]
[White "ThiagoFantim"]
[Black "felipeurbano"]
[Result "1-0"]
[WhiteElo "1661"]
[BlackElo "1241"]
[TimeControl "900+5"]
[EndTime "15:30:29 PDT"]
[Termination "ThiagoFantim venceu por xeque-mate"]

1. e4 e5 2. f4 d6 3. Nf3 Nc6 4. fxe5 dxe5 5. Bc4 Bg4 6. O-O h6 7. h3 Bh5 8. Qe1 Bc5+ 9. Kh1 Qf6 10. d3 Nd4 11.
Nxd4 Bxd4 12. Rxf6 Nxf6 13. c3 Bc5 14. Be3 Be7 15.
Nd2 O-O 16. Nf3 a6 17. Qg3 Kh8 18. Nxe5 Rg8 19. Nxf7+ Bxf7 20. Bxf7 Raf8 21. Bxg8 Rxg8 22. Bd4 Nh5 23. Qxc7 Bf6 24. Bxf6 gxf6 25. Qf7 Ng3+ 26.
Kh2 f5 27. exf5 h5 28. Qe7 Rg7 29. Qe8+ Kh7 30. Qg6+ Rxg6 31. fxg6+ Kxg6 32. Kxg3 Kg5 33. Re1 h4+ 34. Kf3 b5 35. d4 Kf5 36. d5 a5 37. d6 b4 38. d7 bxc3 39. d8=Q cxb2 40. Qd5+ Kf6 41. Re6+ Kf7 42. Qd7+ Kf8 43. Re8# 1-0

[Event "Live Chess"]
[Site "Chess.com"]
[Date "2023.09.16"]
[Round "-"]
[White "gustavogarcia10"]
[Black "ppsobral"]
[Result "1-0"]
[WhiteElo "462"]
[BlackElo "1036"]
[TimeControl "900+5"]
[EndTime "15:41:46 PDT"]
[Termination "gustavogarcia10 venceu por desistência"]

1. e4 c5 2. Bb5 Nc6 3. Nf3 d6 4.
Bxc6+ bxc6 5. O-O e5 6. b3 Nf6 7.
Re1 g6 8. Bb2 Qe7 9. d3 Bg7 10.
a4 O-O 11. c3 Rb8 12. d4 c4 13. Ba3 Rxb3 14. dxe5 dxe5 15. Bxe7 Re8 16. Nfd2 Rb8 17. Bd6 Rb7 18. Bxe5 Rxe5 19. Nxc4 Rg5 20. Qd8+ Bf8 21. Qxc8 Re7 22. Qxc6 Nxe4 23. Rxe4 Rxe4 24. Qxe4 f5 1-0

[Event "Live Chess"]
[Site "Chess.com"]
[Date "2023.09.16"]
[Round "-"]
[White "mariabeatrizandrade"]
[Black "MagnusCarlos1996"]
[Result "0-1"]
[WhiteElo "651"]
[BlackElo "754"]
[TimeControl "900+5"]
[EndTime "15:43:00 PDT"]
[Termination "MagnusCarlos1996 venceu por desistência"]

1. e4 e5 2. Nf3 Nf6 3. Nc3 Nc6 4. d4 exd4 5. Nxd4 Nxd4 6. Qxd4 b6 7. Qe3 Bc5 8. Qg3 O-O 9. Bh6 Nh5 10. Qg4 Bxf2+ 11. Kxf2 Qf6+ 12. Ke1 Qxh6 13. Bd3 d5 14. Qf3 dxe4 15.
Bxe4 Re8 16. Kf2 Rb8 17. Rhe1 Ba6 18. Re3 Nf6 19. Rae1 Nxe4+ 20. Rxe4 Rxe4 21. Rxe4 Qd2+ 22. Ne2 Bb7 23. Rd4 Qxd4+ 24. Nxd4 Bxf3 25. Nxf3 f6 0-1

[Event "Live Chess"]
[Site "Chess.com"]
[Date "2023.09.16"]
[Round "-"]
[White "ThgDomingues"]
[Black "advRafael"]
[Result "1-0"]
[WhiteElo "1527"]
[BlackElo "1697"]
[TimeControl "900+5"]
[EndTime "15:45:38 PDT"]
[Termination "ThgDomingues venceu por desistência"]

1. e4 e6 2. Nf3 d5 3. exd5 exd5 4. d4 Nf6 5. Bd3 Be7 6. O-O O-O 7. Re1 c6 8. Bg5 Bg4 9. Nbd2 Nbd7 10. Nf1 h6 11. Bh4 Re8 12. Ne3 Bh5 13. c3 Bd6 14. Qd2 Qc7 15.
Nf5 Bxf3 16. Nxd6 Qxd6 17. gxf3 Nh5 18. Kh1 Re6 19. Bf5 Rxe1+ 20. Rxe1 c5 21. Rg1 Kh8 22. Bg4 Nhf6 23. Bg3 Qb6 24. Bxd7 Nxd7 25. Qf4 cxd4 26. Qxf7 Nf6 27. Bc7 1-0

[Event "Live Chess"]
[Site "Chess.com"]
[Date "2023.09.16"]
[Round "-"]
[White "generalhuxx99silva"]
[Black "L_lawliet_03"]
[Result "1/2-1/2"]
[WhiteElo "1491"]
[BlackElo "1526"]
[TimeControl "900+5"]
[EndTime "15:46:02 PDT"]
[Termination "Empate por repetição"]

1. c4 Nf6 2. Nc3 g6 3. g3 Bg7 4. d4 d5 5. Bg2 dxc4 6. Nf3 O-O 7. O-O Be6 8. Re1 Nc6 9. Rb1 Nd5 10. Nxd5 Bxd5 11. a3 Nxd4 12. Nxd4 Bxg2 13. Kxg2 Bxd4 14. f3 Bg7 15. Qc2 b5 16. Bf4 c6 17. Red1 Qc8 18.
e4 e5 19. Be3 f5 20. Bc5 Re8 21. b3 cxb3 22. Rxb3 fxe4 23. fxe4 Bf8 24. Bxf8 Rxf8 25. Rd6 Qg4 26. Rxc6 Rac8 27. Rxb5 Rxc6 28. Qxc6 Qe2+ 29. Kh3 Qf1+ 30. Kh4 Rf6 31. Qe8+ Kg7 32. Rb7+ Kh6 33. Rxa7 Rf4+ 34. gxf4 Qxf4+ 35. Kh3 Qf3+ 36. Kh4 Qf2+ 37. Kh3 Qxa7 38. Qxe5 Qxa3+ 39. Kg4 Qa8 40. Qg5+ Kg7 41. Qe7+ Kg8 42. Kg5 Qa5+ 43. Kf6 Qc3+ 44. Qe5 Qxe5+ 45. Kxe5 Kf7 46. Kd6 Ke8 47. e5 g5 48. Ke6 h5 49.
Kf6 g4 50. Kg5 Ke7 51. Kxh5 Ke6 52. Kxg4 Kxe5 53. h4 Kf6 54. h5 Kg7 55. Kg5 Kg8 56.
h6 Kh7 57. Kh5 Kh8 58. Kg6 Kg8 59. Kh5 Kh7 60. Kg5 Kg8 61. Kh5 Kh7 62. Kg5 Kg8 63. Kh5 1/2-1/2

[Event "Live Chess"]
[Site "Chess.com"]
[Date "2023.09.16"]
[Round "-"]
[White "MatheusMPD"]
[Black "MAndrade_Marques"]
[Result "0-1"]
[WhiteElo "1613"]
[BlackElo "1655"]
[TimeControl "900+5"]
[EndTime "15:47:23 PDT"]
[Termination "MAndrade_Marques venceu por desistência"]

1. d4 Nf6 2. c4 g6 3. Nc3 d5 4.
cxd5 Nxd5 5. Qb3 Nxc3 6. bxc3 Bg7 7. Nf3 O-O 8. e3 b6 9. Be2 Bb7 10. O-O h6 11. Re1 Re8 12. Ba3 Nd7 13. Bd3 c5 14.
Bxg6 e6 15. Bh5 Bxf3 16. Bxf3 Rc8 17. Rac1 c4 18. Qa4 a5 19. Be2 Qc7 20. Rb1 Bf6 21.
Qc2 Rb8 22. Qe4 b5 23. Bd1 Bg7 24. Bc2 f5 25. Qf3 Nf6 26. e4 e5 27. exf5 exd4 28. Rxe8+ Nxe8 29. cxd4 b4 30. Bb2 c3 31. Bxc3 bxc3 32. Rxb8 Qxb8 33. Qd5+ Kh8 34. Bb3 Nf6 35. Qc4 Ng4 36. g3 Qd8 37. h3 Nf6 38. Qxc3 Ne4 39.
Qxa5 Qxa5 0-1

[Event "Live Chess"]
[Site "Chess.com"]
[Date "2023.09.16"]
[Round "-"]
[White "Orionchess"]
[Black "marqueslua97"]
[Result "0-1"]
[WhiteElo "1789"]
[BlackElo "1887"]
[TimeControl "900+5"]
[EndTime "15:47:40 PDT"]
[Termination "marqueslua97 venceu por desistência"]

1. d4 Nf6 2. e3 g6 3. Bd3 Bg7 4.
Nd2 O-O 5. f4 d6 6. Ngf3 Nbd7 7.
O-O Re8 8. c3 h5 9. e4 c5 10. e5 Ng4 11. Ne4 d5 12. Neg5 e6 13.
Bb1 Nf8 14. Qe2 f6 15. Nh3 f5 16. Nhg5 Nh7 17. Nh4 Nxg5 18. fxg5 Qb6 19. h3 Nxe5 20.
dxe5 Bd7 21. Bd3 c4+ 22. Be3 cxd3 23. Qxd3 Qb5 24. Qd2 Kh7 25. Bd4 Rac8 26. Rf4 Bf8 27. g4 fxg4 28. hxg4 Bc5 29. Qc2 Bxd4+ 30. Rxd4 Rg8 31.
gxh5 Be8 32. hxg6+ Bxg6 33. Nxg6 Rxg6 34. Rh4+ Kg7 35.
Qg2 Qd3 36. Rf1 Qe3+ 37. Qf2 Rxg5+ 38. Kh1 Qxf2 39. Rxf2 Rf8 40. Rxf8 Kxf8 41. Rh7 Rg7 42. Rxg7 Kxg7 43. Kg2 Kg6 44. Kf3 Kf5 45. Ke3 Kxe5 46. b3 b5 47. b4 Kd6 48. Kd3 a6 49. Ke3 Ke5 50. a3 Kd6 51. Kd4 e5+ 52. Ke3 Ke6 53. Kf3 Kf7 54. Kg4 Kg6 55. Kg3 Kg5 56. Kf3 Kf5 57. Ke3 Kg4 58. Kd3 Kf4 59. Ke2 Ke4 60. Kd2 Kf3 61. Kd3 e4+ 62. Kd2 Kf2 0-1

[Event "Live Chess"]
[Site "Chess.com"]
[Date "2023.09.16"]
[Round "-"]
[White "isiskrakatoa"]
[Black "ThiagoFantim"]
[Result "0-1"]
[WhiteElo "562"]
[BlackElo "1661"]
[TimeControl "900+5"]
[EndTime "15:50:09 PDT"]
[Termination "ThiagoFantim venceu por xeque-mate"]

1. e4 c5 2. d4 cxd4 3. Qxd4 Nc6 4. Qd1 g6 5. Nc3 Bg7 6. Be2 e6 7. Nf3 Nge7 8. O-O O-O 9. Bg5 Qc7 10. Bxe7 Nxe7 11. e5 Bxe5 12. Nxe5 Qxe5 13. Bf3 d5 14. Re1 Qd6 15. Nb5 Qd7 16. c4 a6 17. Nc3 b6 18.
cxd5 Nxd5 19. Ne4 Qd8 20. Nf6+ Qxf6 21. Rb1 Bb7 22. b4 Rfd8 23. b5 a5 24. a4 Rab8 25.
Rc1 Nb4 26. Qe2 Bxf3 27. gxf3 Nd3 28. Qe3 Nxc1 29. Qxc1 Qd4 30. Rd1 Qxd1+ 31. Qxd1 Rxd1+ 32. Kg2 Ra1 33. f4 Rxa4 34. Kg3 Rxf4 35. Kxf4 a4 36.
Ke3 a3 37. Kd4 a2 38. f4 a1=Q+ 39. Ke4 Qa4+ 40. Ke5 Qxb5+ 41. Ke4 Rc8 42. f5 Rc4+ 43. Kd3 Qb3+ 44. Ke2 Rc2+ 45. Kd1 Qb1# 0-1

[Event "Live Chess"]
[Site "Chess.com"]
[Date "2023.09.16"]
[Round "-"]
[White "Ilisunesp"]
[Black "nicolascristiano"]
[Result "0-1"]
[WhiteElo "1554"]
[BlackElo "1546"]
[TimeControl "900+5"]
[EndTime "15:50:18 PDT"]
[Termination "nicolascristiano venceu por desistência"]

1. e4 e6 2. Nf3 c5 3. c3 Nc6 4.
d4 cxd4 5. cxd4 Nf6 6. Nc3 Bb4 7.
Bd3 Qa5 8. Bd2 d6 9. a3 Bxc3 10.
Bxc3 Qb6 11. O-O O-O 12. d5 Ne5 13. Nxe5 dxe5 14. Bxe5 exd5 15. exd5 Bg4 16. Qd2 Rad8 17. d6 Ne8 18. Qf4 Bh5 19. Qg3 Bg6 20. Bxg6 hxg6 21. Rfd1 Rd7 22. Qg4 Qd8 23. Rd3 Nf6 24.
Bxf6 gxf6 25. Rad1 Re8 26. Qf4 Kg7 27. Rh3 Rh8 28. Rxh8 Qxh8 29. Rd3 g5 30. Qg4 Qe8 31. Qd1 Qe5 32. g3 Qxb2 33. Qa4 Qc1+ 34. Kg2 Qc6+ 35. Qxc6 bxc6 36. g4 Kg6 37. Kf3 f5 38. gxf5+ Kxf5 39. Kg3 Ke5 40. Kg4 f6 41. Re3+ Kxd6 42. Kf5 Rf7 43. Kg6 Re7 44. Rc3 Re6 45. Rf3 a6 46. Kf5 c5 47. Rd3+ Ke7 48. Rd5 c4 49. Rc5 Re5+ 50. Rxe5+ fxe5 51. Ke4 Kd6 0-1

[Event "Live Chess"]
[Site "Chess.com"]
[Date "2023.09.16"]
[Round "-"]
[White "advRafael"]
[Black "mariabeatrizandrade"]
[Result "1-0"]
[WhiteElo "1697"]
[BlackElo "651"]
[TimeControl "900+5"]
[EndTime "15:54:06 PDT"]
[Termination "advRafael venceu por desistência"]

1. c4 e5 2. Nc3 Nf6 3. g3 d5 4. cxd5 Nxd5 5. Bg2 Be6 6. Qb3 c6 7. Qxb7 Nb6 8. Bxc6+ Bd7 9. Bxd7+ N8xd7 10. Nf3 Bc5 11.
O-O O-O 12. Ne4 Bd4 13. Nxd4 exd4 14. d3 Qe7 15. Bf4 f5 16. Bd6 Nc5 1-0

[Event "Live Chess"]
[Site "Chess.com"]
[Date "2023.09.16"]
[Round "-"]
[White "gustavogarcia10"]
[Black "MagnusCarlos1996"]
[Result "0-1"]
[WhiteElo "459"]
[BlackElo "788"]
[TimeControl "900+5"]
[EndTime "15:55:32 PDT"]
[Termination "MagnusCarlos1996 venceu por xeque-mate"]

1. e4 e5 2. Bb5 Nf6 3. d3 c6 4. Ba4 d6 5. Nf3 Be7 6. O-O Bg4 7. Re1 O-O 8. h3 Bh5 9. Nc3 Nbd7 10. Bb3 b5 11. a4 b4 12. Na2 a5 13. Bg5 Nc5 14. Bxf6 Bxf6 15. Nc1 Nxb3 16. Nxb3 d5 17. Nc5 dxe4 18. Nb7 Qb6 19. g4 exf3 20. Nd6 Bg6 21. Qxf3 e4 22. Nxe4 Bxe4 23. Qxe4 Bxb2 24. Rad1 Qc5 25.
Re2 Bc3 26. Qf5 Qxf5 27. gxf5 Rfe8 28. Rxe8+ Rxe8 29. d4 Re2 30. Kf1 Rxc2 31. d5 cxd5 32. Rxd5 Kf8 33. Rxa5 b3 34. Ra8+ Ke7 35. Ra7+ Kf6 36.
a5 b2 37. Rb7 Rc1+ 38. Ke2 b1=Q 39. Rxb1 Rxb1 40. a6 Ra1 41. Kd3 Be5 42. Ke4 Rxa6 43. f4 Bxf4 44. Kxf4 Ra4+ 45. Kg3 Kxf5 46. Kf3 g5 47.
Kg3 h5 48. h4 gxh4+ 49. Kg2 Kg4 50. Kg1 Kg3 51. Kh1 Ra1# 0-1

[Event "Live Chess"]
[Site "Chess.com"]
[Date "2023.09.16"]
[Round "-"]
[White "Ilisunesp"]
[Black "isiskrakatoa"]
[Result "1-0"]
[WhiteElo "1554"]
[BlackElo "562"]
[TimeControl "900+5"]
[EndTime "15:55:37 PDT"]
[Termination "Ilisunesp venceu por xeque-mate"]

1. e4 e5 2. Nf3 Nc6 3. Nc3 Bb4 4. a3 Bxc3 5. bxc3 Nf6 6. d3 d5 7. exd5 Nxd5 8. Bd2 O-O 9. c4 Nf4 10. Bxf4 exf4 11.
Qd2 Qe7+ 12. Be2 Re8 13. Kf1 Bg4 14. Re1 Bxf3 15. Bxf3 Nd4 16. Rxe7 Rxe7 17. h3 Nxf3 18. gxf3 Rae8 19. Kg2 g6 20. Qxf4 Re2 21. Rc1 a6 22. Qxc7 b5 23. cxb5 axb5 24. Qc6 R2e5 25. f4 Rf5 26.
Qxe8+ Kg7 27. Qe5+ f6 28. Qxf5 gxf5 29. Rb1 Kh6 30.
Rxb5 Kh5 31. Rxf5+ Kh4 32. Rxf6 h6 33. Rxh6# 1-0

[Event "Live Chess"]
[Site "Chess.com"]
[Date "2023.09.16"]
[Round "-"]
[White "MagnusCarlos1996"]
[Black "Ilisunesp"]
[Result "1-0"]
[WhiteElo "995"]
[BlackElo "1531"]
[TimeControl "900+5"]
[EndTime "16:00:01 PDT"]
[Termination "MagnusCarlos1996 venceu por desistência"]

1. e4 Nc6 2. Nf3 e6 3. d4 d5 4. e5 Bb4+ 5. c3 Ba5 6. Bb5 a6 7. Bxc6+ bxc6 8. Qa4 Bb6 9. O-O Ne7 10. Bg5 O-O 11. Nbd2 Bd7 12. Qa3 Re8 13. Nb3 h6 14. Bh4 f6 15. exf6 Nf5 16. f7+ 1-0

[Event "Live Chess"]
[Site "Chess.com"]
[Date "2023.09.16"]
[Round "-"]
[White "advRafael"]
[Black "gustavogarcia10"]
[Result "1-0"]
[WhiteElo "1697"]
[BlackElo "459"]
[TimeControl "900+5"]
[EndTime "16:02:10 PDT"]
[Termination "advRafael venceu por desistência"]

1. c4 e5 2. Nc3 Nf6 3. g3 Bb4 4. Bg2 Bxc3 5. bxc3 O-O 6. Nf3 Re8 7.
O-O d5 8. cxd5 Qxd5 9. Qc2 e4 10. Nd4 c5 11. Nb3 Bf5 12. d3 Qd7 13. Nxc5 exd3 14. Nxd7 dxc2 15. Nxf6+ gxf6 16. Bxb7 Bh3 17. Re1 Nc6 18.
Bxc6 f5 19. Bf4 Bg4 20. Rac1 Rxe2 21. Rxe2 Bxe2 22. Bxa8 Bd3 23. Bd5 a6 24. Bb3 a5 25.
Bxc2 Bxc2 26. Rxc2 a4 27. c4 1-0

[Event "Live Chess"]
[Site "Chess.com"]
[Date "2023.09.16"]
[Round "-"]
[White "isiskrakatoa"]
[Black "MagnusCarlos1996"]
[Result "0-1"]
[WhiteElo "553"]
[BlackElo "1012"]
[TimeControl "900+5"]
[EndTime "16:04:46 PDT"]
[Termination "MagnusCarlos1996 venceu por xeque-mate"]

1. e4 e5 2. Nf3 Nf6 3. Nxe5 d6 4. Nf3 Nxe4 5. d3 Nf6 6. Be2 Be7 7. Bg5 O-O 8. Bxf6 Bxf6 9. O-O Bxb2 10. Nbd2 Bxa1 11. Qxa1 Nc6 12. Nd4 Nxd4 13. Qxd4 Re8 14. Bg4 Bxg4 15. Qxg4 Qf6 16. Ne4 Qe6 17. Ng5 Qxg4 18. Ne4 Rxe4 19. dxe4 Re8 20. f3 Qe6 21. Re1 Qxa2 22. f4 Qxc2 23. e5 dxe5 24. fxe5 Qc5+ 25. Kf1 Rxe5 26. Rd1 Qe3 27. Rd8+ Re8 28. Rxe8+ Qxe8 29.
g4 c5 30. h4 c4 31. g5 c3 32. h5 c2 33. g6 c1=Q+ 34. Kf2 Qd2+ 35. Kf3 Qee3+ 36.
Kg4 Qdd4+ 37. Kf5 Qee5# 0-1

[Event "Live Chess"]
[Site "Chess.com"]
[Date "2023.09.16"]
[Round "-"]
[White "Orionchess"]
[Black "MatheusMPD"]
[Result "1-0"]
[WhiteElo "1793"]
[BlackElo "1609"]
[TimeControl "900+5"]
[EndTime "16:05:33 PDT"]
[Termination "Orionchess venceu por desistência"]

1. d4 Nf6 2. e3 g6 3. Bd3 Bg7 4. Nd2 d6 5. f4 O-O 6. Ngf3 Bg4 7.
c3 c5 8. O-O cxd4 9. h3 Bxf3 10.
cxd4 Bc6 11. e4 Nh5 12. Nf3 Nf6 13. Qe2 Qb6 14. Be3 Qc7 15. d5 Bd7 16. Rac1 Qd8 17.
Rc2 Na6 18. a3 Nc5 19. Bxc5 dxc5 20. Bc4 Nh5 21. Rf2 Nxf4 22. Qe3 Nh5 23. e5 Bf5 24. Rce2 Ng3 25. Re1 Ne4 26. Rff1 a6 27. g4 Ng3 28.
Rf2 Be4 29. Ng5 Bxe5 30. Nxe4 Nxe4 31. Qxe4 Bd4 32. Kg2 Bxf2 33. Kxf2 b5 34. Bf1 Re8 35. Bg2 e6 36. dxe6 Rxe6 37. Qxa8 1-0

[Event "Live Chess"]
[Site "Chess.com"]
[Date "2023.09.16"]
[Round "-"]
[White "nicolascristiano"]
[Black "mariabeatrizandrade"]
[Result "1-0"]
[WhiteElo "1546"]
[BlackElo "650"]
[TimeControl "900+5"]
[EndTime "16:07:01 PDT"]
[Termination "nicolascristiano venceu por desistência"]

1. d4 Nf6 2. Nf3 d5 3. Bg5 e6 4. Nbd2 c5 5. e3 Nbd7 6. c3 Be7 7. Bd3 O-O 8. O-O c4 9. Bc2 Qb6 10. Rb1 Re8 11. Bxf6 Bxf6 12. e4 Nf8 13. e5 Be7 14.
Re1 f6 15. Nf1 Qc6 16. exf6 Bxf6 17. Ne5 Qc7 18. Qh5 Bxe5 19. Rxe5 Qf7 20. Qh4 h6 21. Qg3 Ng6 22. Bxg6 1-0

[Event "Live Chess"]
[Site "Chess.com"]
[Date "2023.09.16"]
[Round "-"]
[White "generalhuxx99silva"]
[Black "ThgDomingues"]
[Result "1-0"]
[WhiteElo "1514"]
[BlackElo "1497"]
[TimeControl "900+5"]
[EndTime "16:07:29 PDT"]
[Termination "generalhuxx99silva venceu por xeque-mate"]

1. c4 g6 2. Nc3 Bg7 3. Nf3 d6 4. g3 Nf6 5. Bg2 O-O 6. O-O Nc6 7. a4 a5 8. d4 Nb4 9. e4 Bg4 10. h3 Bc8 11. Re1 Rb8 12. e5 dxe5 13. Nxe5 Nd7 14.
Qe2 Nxe5 15. dxe5 b6 16. Rd1 Qe8 17. Bg5 h6 18. Bf4 Bb7 19. Bxb7 Rxb7 20. Nd5 e6 21. Nf6+ Bxf6 22. exf6 g5 23. Qh5 e5 24. Qxh6 exf4 25.
Qg7# 1-0

[Event "Live Chess"]
[Site "Chess.com"]
[Date "2023.09.16"]
[Round "-"]
[White "felipeurbano"]
[Black "ppsobral"]
[Result "0-1"]
[WhiteElo "1207"]
[BlackElo "1048"]
[TimeControl "900+5"]
[EndTime "16:11:28 PDT"]
[Termination "ppsobral venceu por xeque-mate"]

1. e4 c5 2. Bc4 e6 3. c3 d5 4. Bb5+ Bd7 5. Bxd7+ Qxd7 6. d4 Nc6 7. exd5 Qxd5 8. Nf3 Qe4+ 9. Be3 Rd8 10. O-O e5 11.
Nbd2 Qd5 12. Nb3 b6 13. Nxe5 Nxe5 14. dxe5 Qxe5 15. Qf3 Bd6 16. g3 Ne7 17. Bf4 Qf6 18. Rfe1 O-O 19. Rad1 Bxf4 20. Rxd8 Rxd8 21. gxf4 Nd5 22.
Rd1 Qf5 23. Nc1 h6 24. Ne2 g5 25. c4 g4 26. Rxd5 Rxd5 27. Qxd5 Qb1+ 28. Kg2 Qxb2 29. Ng3 Qc1 30. Qd8+ Kh7 31. Qd3+ Kg8 32. Qd8+ Kh7 33. Qf6 Qxc4 34. Nh5 Qd5+ 35. Kg3 Qxh5 36. Qh4 Qxh4+ 37. Kxh4 c4 38. Kxg4 c3 39. Kf3 c2 40. Kg3 c1=Q 41. a4 Qg1+ 42. Kf3 Qxh2 43. Ke4 Qxf2 44. a5 bxa5 45. Ke5 a4 46. f5 a3 47. Kf6 Kg8 48. Ke5 a2 49. Kf6 a1=Q+ 50. Ke7 Qe5+ 51. Kd8 Qfd4+ 52. Kc8 Qec5+ 53. Kb7 Qd7+ 54. Ka6 Qdb5# 0-1

[Event "Live Chess"]
[Site "Chess.com"]
[Date "2023.09.16"]
[Round "-"]
[White "MAndrade_Marques"]
[Black "L_lawliet_03"]
[Result "0-1"]
[WhiteElo "1644"]
[BlackElo "1537"]
[TimeControl "900+5"]
[EndTime "16:14:22 PDT"]
[Termination "L_lawliet_03 venceu por desistência"]

1. c4 Nf6 2. Nc3 d5 3. cxd5 Nxd5 4. g3 g6 5. Bg2 Nf6 6. d4 Bg7 7. e4 O-O 8. Nge2 Bg4 9. e5 Nfd7 10. Bxb7 c6 11.
Bxa8 Bf3 12. O-O Nb6 13. Bxc6 Nxc6 14. Be3 Nc4 15. Qa4 N6a5 16. b4 Qc8 17. bxa5 h6 18.
Rfc1 g5 19. Qd1 Nxe3 20. fxe3 h5 21. Nd5 Qe6 22. Nc7 Qg4 23. Rc2 h4 24. Qf1 Qe4 25. Rac1 g4 26. gxh4 Bh6 27. Ng3 Bxe3+ 28. Qf2 Bxf2+ 29.
Kxf2 Qxd4+ 30. Kf1 Qd3+ 31. Kf2 Qd4+ 32. Kf1 Qxe5 33.
Re1 Qd6 34. Nf5 Qd3+ 35. Kg1 Qxc2 0-1

[Event "Live Chess"]
[Site "Chess.com"]
[Date "2023.09.16"]
[Round "-"]
[White "MatheusMPD"]
[Black "isiskrakatoa"]
[Result "1-0"]
[WhiteElo "1609"]
[BlackElo "586"]
[TimeControl "900+5"]
[EndTime "16:15:13 PDT"]
[Termination "MatheusMPD venceu por xeque-mate"]

1. d4 Nc6 2. c4 e5 3. e3 exd4 4. exd4 d5 5. Nf3 dxc4 6. Bxc4 Be6 7. Bxe6 fxe6 8. O-O e5 9. Re1 Be7 10. Nxe5 Nxe5 11. Rxe5 Nf6 12. Bg5 Qd6 13. Bxf6 Qxf6 14. Nc3 O-O 15. Nd5 Qd6 16. Nxe7+ Kh8 17. Qh5 Qxd4 18. Qxh7+ Kxh7 19. Rh5# 1-0

[Event "Live Chess"]
[Site "Chess.com"]
[Date "2023.09.16"]
[Round "-"]
[White "ThiagoFantim"]
[Black "marqueslua97"]
[Result "1/2-1/2"]
[WhiteElo "1665"]
[BlackElo "1872"]
[TimeControl "900+5"]
[EndTime "16:18:05 PDT"]
[Termination "Partida empatada - material insuficiente"]

1. e4 c5 2. f4 Nc6 3. Nf3 d6 4. c3 e5 5. fxe5 dxe5 6. Bb5 Nf6 7.
Bxc6+ bxc6 8. d3 Bd6 9. Bg5 O-O 10. O-O h6 11. Bh4 c4 12. Ne1 Qb6+ 13. Kh1 Qxb2 14. Nd2 Ng4 15. Nxc4 Qxc3 16. h3 Bc5 17. hxg4 Bxg4 18.
Qc1 Qxc1 19. Rxc1 Be2 20. Rf5 Bd4 21. Bf2 Bg4 22. Bxd4 Bxf5 23. exf5 exd4 24. Nf3 Rac8 25. Kh2 g6 26. f6 c5 27. Nfe5 g5 28. Na5 Rfe8 29.
Nd7 Re2 30. Nb7 Rxa2 31. Nbxc5 a5 32. Rc4 Rc7 33. Rxd4 a4 34. Nxa4 Rxa4 35. Rxa4 Rxd7 36. d4 Kh7 37. Kg3 Kg6 38. Kf3 Kxf6 39. Ke4 Ke6 40. Ra6+ Rd6 41. Ra8 f5+ 42. Ke3 Kd5 43. Ra5+ Kc4 44.
Rxf5 Rxd4 45. Rf6 Rd3+ 46. Kf2 h5 47. Rf5 Rd5 48. Rf7 Kd4 49. Kg3 Ke4 50. Rh7 Rd3+ 51. Kh2 h4 52. Rg7 Kf4 53. Rf7+ Kg4 54. Re7 Kf5 55. Rf7+ Kg6 56. Re7 Rg3 57. Re4 Kf5 58. Rc4 g4 59. Rc5+ Ke4 60. Rc4+ Kd3 61. Rf4 Ke3 62. Rf8 Ke4 63. Rh8 Ke3 64. Re8+ Kf2 65. Rf8+ Ke2 66. Re8+ Re3 67. Rh8 Kf2 68. Rf8+ Ke2 69. Rh8 h3 70. gxh3 Rxh3+ 71. Rxh3 gxh3 72. Kxh3 1/2-1/2

[Event "Live Chess"]
[Site "Chess.com"]
[Date "2023.09.16"]
[Round "-"]
[White "MAndrade_Marques"]
[Black "isiskrakatoa"]
[Result "1-0"]
[WhiteElo "1644"]
[BlackElo "586"]
[TimeControl "900+5"]
[EndTime "16:21:35 PDT"]
[Termination "MAndrade_Marques venceu por xeque-mate"]

1. c4 e5 2. Nc3 d5 3. cxd5 Bb4 4. e4 Bxc3 5. bxc3 c6 6. dxc6 Nxc6 7. Bb5 a6 8. Qa4 Bd7 9. Bxc6 Bxc6 10. Qc2 Nf6 11. d3 O-O 12. Nf3 Re8 13. O-O a5 14. Bg5 a4 15. Rfe1 a3 16. d4 exd4 17. cxd4 Bxe4 18. Rxe4 Nxe4 19. Bxd8 Rexd8 20. Qxe4 Re8 21. Qxb7 Rad8 22. Ng5 g6 23. Qxf7+ Kh8 24. Qxh7# 1-0